 Dungeon Crawl Stone Soup version 0.28-a0-664-gc179e30c89 (webtiles) character file.

Game seed: 14132266849405268647

394 jasper the Ogre Mage (level 6, -1/53 HPs)
             Began as an Ogre Hedge Wizard on Oct 16, 2021.
             Was a Believer of Dithmenos.
             Slain by a vampire mosquito (6 damage)
             ... on level 5 of the Dungeon.
             The game lasted 00:08:58 (5534 turns).

jasper the Ogre Mage (Ogre Hedge Wizard)            Turns: 5534, Time: 00:08:58

Health: -1/53      AC:  4    Str: 17    XL:     6   Next: 82%
Magic:  7/12       EV:  9    Int: 15    God:    Dithmenos [**....]
Gold:   137        SH:  0    Dex:  8    Spells: 1/14 levels left

rFire   . . .      SeeInvis .   n - +4 battleaxe of Zenan {vorpal, rC++ Will+ rCorr Stlth-}
rCold   + + .      Faith    .   (shield currently unavailable)
rNeg    . . .      Spirit   .   b - +0 robe
rPois   .          Reflect  .   c - +1 hat
rElec   .          Harm     .   (no cloak)
rCorr   +          Rampage  .   (gloves unavailable)
Will    +....                   (boots unavailable)
Stlth   ..........              (no amulet)
HPRegen 0.17/turn               h - +4 ring of slaying
MPRegen 0.13/turn               (no ring)

@: about to teleport, wreathed by umbra
A: large, unfitting armour, tough skin 1
a: Renounce Religion, Shadow Step


You were on level 5 of the Dungeon.
You worshipped Dithmenos.
Dithmenos was pleased with you.
You visited 1 branch of the dungeon, and saw 5 of its levels.

You collected 137 gold pieces.

Inventory:

Hand Weapons
 a - a +0 dagger
 j - a +0 whip
 k - a +0 club
 m - a +0 giant club
 n - the +4 battleaxe of Zenan (weapon) {vorpal, rC++ Will+ rCorr Stlth-}
   (You acquired it on level 5 of the Dungeon)

   It inflicts extra damage upon your enemies.
   rC:        It greatly protects you from cold.
   rCorr:     It protects you from acid and corrosion.
   Will:      It increases your willpower.
   Stlth:     It makes you less stealthy.
 q - a +1 war axe
Missiles
 f - 89 stones
Armour
 b - a +0 robe (worn)
 c - a +1 hat (worn)
Jewellery
 h - a +4 ring of slaying (left hand)
Scrolls
 p - a scroll of enchant weapon
Potions
 d - 2 potions of mutation
 i - a potion of ambrosia


   Skills:
 - Level 1.7 Dodging
 - Level 1.4 Stealth
 - Level 4.5 Spellcasting
 - Level 3.2 Conjurations
 - Level 1.6 Hexes
 - Level 2.0 Summonings
 - Level 1.9 Translocations
 + Level 2.3 Fire Magic
 + Level 1.0 Air Magic
 + Level 1.0 Poison Magic


You had one spell level left.
You knew the following spells:

 Your Spells              Type           Power      Damage    Failure   Level
a - Magic Dart            Conj           52%        1d5       4%          1
b - Blink                 Tloc           N/A        N/A       12%         2
c - Call Imp              Summ           9%         N/A       12%         2
d - Slow                  Hex            8%         N/A       13%         2
e - Conjure Flame         Conj/Fire      11%        6-21      16%         3
f - Mephitic Cloud        Conj/Pois/Air  8%         N/A       26%         3

Your spell library contained the following spells:

 Spells                   Type           Power      Damage    Failure   Level
 Gell's Gravitas          Tloc           4%         N/A       22%         3
 Teleport Other           Tloc           9%         N/A       22%         3
 Confusing Touch          Hex            8%         N/A       26%         3
 Vampiric Draining        Necr           1%         2d6       45%         3
 Dispersal                Tloc           4%         N/A       100%        6


Dungeon Overview and Level Annotations

Branches:
Dungeon (5/15)             Temple (0/1) D:4

Altars:
Dithmenos

Shops:
D:2 !

Annotations:
D:4 Duvessa


Innate Abilities, Weirdness & Mutations

You are too large for most types of armour.
You have tough skin. (AC +1)


Message History

The vampire mosquito bites you but does no damage.
You take 2 damage, and have 21/79 hp.
You hit the vampire mosquito.
The vampire mosquito is lightly damaged.
The vampire mosquito bites you but does no damage. x3
You hit the vampire mosquito.
The vampire mosquito is moderately damaged.
The vampire mosquito bites you but does no damage. x2
The vampire mosquito bites you!
* * * LOW HITPOINT WARNING * * *
The vampire mosquito draws strength from your injuries!
The vampire mosquito bites you.
* * * LOW HITPOINT WARNING * * *
The vampire mosquito draws strength from your injuries!
You take 12 damage, and have 9/79 hp.
You hit the vampire mosquito.
The vampire mosquito is lightly damaged.
The vampire mosquito bites you!
* * * LOW HITPOINT WARNING * * *
The vampire mosquito draws strength from your injuries!
The vampire mosquito bites you but does no damage. x2
You take 7 damage, and have 2/79 hp.
You feel better.
The vampire mosquito bites you but does no damage. x2
You regained 7 hp, and now have 9/79 hp.
You feel better.
You feel less wooden.
Your +1 hat unmelds from your body.
Your +0 robe unmelds from your body.
The vampire mosquito bites you.
* * * LOW HITPOINT WARNING * * *
The vampire mosquito draws strength from your injuries!
The vampire mosquito bites you.
* * * LOW HITPOINT WARNING * * *
The vampire mosquito draws strength from your injuries!
You now have 5/53 hp.
As you read the scroll of teleportation, it crumbles to dust.
You feel strangely unstable.
The vampire mosquito bites you but does no damage.
The vampire mosquito bites you.
You die...

# ## # #. .##. #.
... #.###.#
#####..y####
#......yy@.#
#.####.###.......
#. #.# #######
##.####y######
#............#
#..............
#.##.#.#####.##
#...# # #...#


You could see 3 vampire mosquitoes.

Vanquished Creatures
  An ogre (D:4)
  Dowan (D:4)
  A bullfrog zombie (D:5)
  A centaur zombie (D:4)
  3 adders
  4 gnolls (D:2)
  2 worms
  2 dart slugs
  An orc (D:3)
  3 bats (D:1)
  5 endoplasms
  5 goblins
  6 hobgoblins
  A jackal (D:1)
  3 quokkas
  4 ball pythons (D:1)
  5 frilled lizards
  9 kobolds
  7 rats
64 creatures vanquished.

Vanquished Creatures (collateral kills)
  Jessica (D:3)
  3 adders
  A worm (D:3)
  An orc (D:3)
  A ball python (D:1)
  An endoplasm (D:3)
  A giant cockroach (D:1)
  2 jackals (D:1)
  A goblin (D:3)
12 creatures vanquished.

Grand Total: 76 creatures vanquished

Notes
Turn   | Place    | Note
-------+----------+-------------------------------------------
     0 | D:1      | jasper the Ogre Hedge Wizard began the quest for the Orb.
     0 | D:1      | Reached XP level 1. HP: 16/16 MP: 5/5
    36 | D:1      | Reached skill level 1 in Conjurations
   446 | D:1      | Reached XP level 2. HP: 22/24 MP: 4/6
   449 | D:1      | Learned a level 2 spell: Blink
   452 | D:1      | Learned a level 2 spell: Call Imp
   455 | D:1      | Learned a level 2 spell: Slow
   594 | D:1      | Reached skill level 1 in Translocations
   628 | D:1      | Reached skill level 1 in Summonings
   683 | D:1      | Found a faded altar of an unknown god.
   692 | D:1      | Prayed at the altar of an unknown god.
   692 | D:1      | Became a worshipper of Dithmenos the Shadowed
   692 | D:1      | Reached * piety under Dithmenos
   957 | D:1      | Reached XP level 3. HP: 29/31 MP: 0/8
  2086 | D:3      | Reached skill level 1 in Hexes
  2234 | D:3      | Reached XP level 4. HP: 39/39 MP: 4/9
  2303 | D:3      | Learned a level 3 spell: Conjure Flame
  2638 | D:3      | Reached ** piety under Dithmenos
  2664 | D:3      | Noticed Jessica
  2669 | D:3      | Killed Jessica
  3122 | D:3      | Reached XP level 5. HP: 18/45 MP: 2/10
  3625 | D:4      | Noticed Duvessa
  3637 | D:4      | Noticed Dowan
  3883 | D:5      | Entered Level 5 of the Dungeon
  3883 | D:5      | Noticed an ice beast
  3970 | D:5      | Identified a scroll of acquirement
  3970 | D:5      | Acquired the +4 battleaxe of Zenan {vorpal, rC++ Will+
                  | rCorr Stlth-}
  4048 | D:5      | Noticed a vampire mosquito
  4048 | D:5      | Noticed a vampire mosquito
  4048 | D:5      | Noticed a vampire mosquito
  4169 | D:2      | Reached skill level 1 in Fire Magic
  4173 | D:2      | Reached skill level 4 in Spellcasting
  5082 | D:2      | Found Haerph's Distillery.
  5356 | D:4      | Noticed an ogre
  5366 | D:4      | Killed an ogre
  5367 | D:4      | Reached XP level 6. HP: 53/53 MP: 6/12
  5373 | D:4      | Learned a level 3 spell: Mephitic Cloud
  5484 | D:4      | Found a staircase to the Ecumenical Temple.
  5486 | D:4      | Killed Dowan
  5513 | D:4      | Reached skill level 1 in Air Magic
  5513 | D:4      | Reached skill level 1 in Poison Magic
  5531 | D:5      | HP: 2/79 [vampire mosquito (7)]
  5534 | D:5      | Slain by a vampire mosquito

Illustrated notes

Levels and vault maps discovered:
D:1:      dpeg_arrival_shelter, layout_basic,
          hellmonk_ecumenical_altar_prayer_group
D:2:      minmay_door_path, layout_loops_cross, serial_shops, shop
D:3:      layout_basic, skrybe_limestone_x, uniq_jessica
D:4:      layout_cave_pools, minmay_temple_entry_water_ring,
          kennysheep_cross_bottleneck, minmay_diced_spiral, uniq_duvessa
D:5:      layout_loops_ring

Skill      XL: |  1  2  3  4  5  6 |
---------------+-------------------+-----
Conjurations   | 1 2 3 |  3.2
Translocations | 1 |  1.9
Summonings     | 1 2 |  2.0
Hexes          | 1 |  1.6
Fire Magic     | 2 |  2.3
Spellcasting   | 4 |  4.5
Air Magic      | 1 |  1.0
Poison Magic   | 1 |  1.0
Dodging        | |  1.7
Stealth        | |  1.4

Action                   |  1- 3 |  4- 6 || total
-------------------------+-------+-------++-------
Melee: Dagger            |    39 |       ||    39
       Whip              |    22 |    43 ||    65
       Battleaxe         |       |    57 ||    57
 Cast: Magic Dart        |    63 |    19 ||    82
       Call Imp          |     4 |    21 ||    25
       Blink             |     1 |       ||     1
       Mephitic Cloud    |       |     1 ||     1
  Use: Scroll            |     1 |    10 ||    11
       Potion            |       |     3 ||     3
Armor: Robe              |    25 |    31 ||    56
       Skin              |       |    23 ||    23
Dodge: Dodged            |    36 |    63 ||    99

Table legend: (Time is in decaauts)
 A = Elapsed time spent in this place.
 B = Non-inter-level travel time spent in this place.
 C = Inter-level travel time spent in this place.
 D = Time resting spent in this place.
 E = Time spent auto-exploring this place.
 F = Levels seen in this place.
 G = Mean time per level.
                   A        B        C        D        E       F      G
               +--------+--------+--------+--------+--------+-----+--------+
         Total |   5585 |   5383 |    202 |   1310 |   3243 |   5 | 1117.0 |
       Dungeon |   5585 |   5383 |    202 |   1310 |   3243 |   5 | 1117.0 |
               +--------+--------+--------+--------+--------+-----+--------+

Top non-repeatable levels by time:
     D:1: 2079 daAuts
     D:3: 2044 daAuts
     D:2: 915 daAuts
     D:4: 316 daAuts
     D:5: 230 daAuts
